 Dungeon Crawl Stone Soup version 0.31-a0-361-g0f8bd3a31e (webtiles) character file.

Game seed: 8702760319774998124

9 BritishOli the Trooper (level 2, 24/24 HPs)
             Began as a Demonspawn Fighter on July 27, 2023.
             Got out of the dungeon alive.
             The game lasted 00:00:21 (298 turns).

BritishOli the Trooper (Demonspawn Fighter)          Turns: 298, Time: 00:00:21

Health: 24/24      AC:  6    Str: 16    XL:     2   Next: 6%
Magic:  2/2        EV:  8    Int: 11    God:
Gold:   12         SH:  4    Dex: 12    Spells: 1/1 levels left

rFire   . . .        a - +0 war axe
rCold   . . .        c - +0 buckler
rNeg    . . .        b - +0 scale mail
rPois   .            (no helmet)
rElec   .            (no cloak)
rCorr   .            (no gloves)
SInv    .            (no boots)
Will    .....        (no amulet) Stlth
                     (no ring)
HPRegen 0.24/turn    (no ring)
MPRegen 0.08/turn

%: no passive effects
@: no status effects
A: big brain 1
a: no special abilities


You escaped.
You visited 1 branch of the dungeon, and saw 1 of its levels.

You collected 12 gold pieces.

Inventory:

Hand Weapons
 a - a +0 war axe (weapon)
Armour
 b - a +0 scale mail (worn)
 c - a +0 buckler (worn)
Jewellery
 h - an amulet of faith
Scrolls
 e - a scroll of identify {unknown}
Potions
 d - a potion of might
 f - a potion of attraction {unknown}
 g - a potion of haste {unknown}
 i - a potion of enlightenment {unknown}


   Skills:
 + Level 3.1 Fighting
 + Level 2.0 Axes
 + Level 2.8 Armour
 + Level 2.8 Shields


You had one spell level left.
You didn't know any spells.
Your spell library contained the following spells:

 Spells                   Type           Power      Damage    Failure   Level
 Magic Dart               Conj           0%         1d3       86%         1
 Call Imp                 Summ           0%         N/A       94%         2
 Dazzling Flash           Conj/Hex       0%         N/A       99%         3
 Mephitic Cloud           Conj/Pois/Air  0%         N/A       99%         3
 Volatile Blastmotes      Fire/Tloc      0%         2d10      99%         3
 Starburst                Conj/Fire      0%         6d3       100%        6
 Maxwell's Capacitive Co  Air            0%         ∞         100%        8


Dungeon Overview and Level Annotations

Branches:
Dungeon (1/15)

Altars:

Shops:
D:1 !


Innate Abilities, Weirdness & Mutations

You have an unusually large brain. (Int +2)


Message History

A giant cockroach is nearby!
You hit the giant cockroach.
You kill the giant cockroach!
Your Axes skill increases to level 2!
You have reached level 2!
Your demonic ancestry asserts itself...
Your brain expands.
No target in view!
i - a fizzy purple potion You see here a frilled lizard corpse.
You enter the shallow water.
Moving in this stuff is going to be slow.
There is an entrance to Tuvvipre's Distillery here.
You enter the shallow water.
Moving in this stuff is going to be slow.
You see here a frilled lizard corpse.
Things that are here:
a rat corpse; a hobgoblin corpse A goblin comes into view.
It is wielding a +0 dagger.
The goblin shouts!
You see here a +0 robe.
The goblin hits you but does no damage.
You hit the goblin.
You kill the goblin!
No target in view!
No target in view!
No target in view!
No target in view!
No target in view!
No target in view!
No target in view!
No target in view!
No target in view!
No target in view!
No target in view!
No target in view!
You see here a ball python skeleton.
There is a staircase leading out of the dungeon here.
Are you sure you want to leave the Dungeon?
This will make you lose the game!
You have escaped!

... ###.##.#
###.....#####
###~#......≈≈≈#
##
#~#.........~~#
.#
#~...........##
.#
#.............#
.# #.#
#.....~~~....##
.# #.#
###..~...~....#
.# #.#
#.#..~.@.~...##
.# #.#
#...~...~....#
.# #.#
#.....~~~.....#
.## #.#
#.............#
..####.#
#≈........#..~#
.......#
##~#......#.~~#
#.######
#≈≈##....##~≈##
#.# ## #..... #
#.# ###....


There were no monsters in sight!

Vanquished Creatures
  2 endoplasms (D:1)
  A giant cockroach (D:1)
  A goblin (D:1)
  A hobgoblin (D:1)
  A ball python (D:1)
  A frilled lizard (D:1)
  2 rats (D:1)
9 creatures vanquished.

Notes
Turn   | Place    | Note
-------+----------+-------------------------------------------
     0 | D:1      | BritishOli the Demonspawn Fighter began the quest for the
                  | Orb.
     0 | D:1      | Reached XP level 1. HP: 18/18 MP: 1/1
   173 | D:1      | Found Tuvvipre's Distillery.
   182 | D:1      | Gained mutation: You have an unusually large brain. (Int
                  | +2) [demonic ancestry]
   182 | D:1      | Reached XP level 2. HP: 24/24 MP: 2/2
   298 | D:$      | Got out of the dungeon alive.

Illustrated notes

Levels and vault maps discovered:
D:1:      enne_arrival_octagon_isle, layout_loops_ring, serial_shops,
          nicolae_shop_industrial_runoff

Skill      XL: |  1 |
---------------+----+-----
Axes           | 2 |  2.0
Fighting       | |  3.1
Armour         | |  2.8
Shields        | |  2.8

Action                     || total
---------------------------++-------
  Melee: War axe           ||    22
 Armour: Scale mail        ||    10
  Dodge: Dodged            ||     6
  Block: Buckler           ||     4

Table legend: (Time is in decaauts)
 A = Elapsed time spent in this place.
 B = Non-inter-level travel time spent in this place.
 C = Inter-level travel time spent in this place.
 D = Time resting spent in this place.
 E = Time spent auto-exploring this place.
 F = Levels seen in this place.
 G = Mean time per level.
                   A        B        C        D        E       F      G
               +--------+--------+--------+--------+--------+-----+--------+
         Total |    308 |    204 |    104 |      0 |    135 |   1 |  308.0 |
       Dungeon |    308 |    204 |    104 |      0 |    135 |   1 |  308.0 |
               +--------+--------+--------+--------+--------+-----+--------+

Top non-repeatable levels by time:
     D:1: 308 daAuts
